 Dungeon Crawl Stone Soup version 0.29.0-3-gbb0933ed62 (webtiles) character file.

Game seed: 10106624812842632927

95 HoaS the Shooter (level 4, 0/26 HPs)
             Began as a Gargoyle Hunter on Aug 25, 2022.
             Slain by a lemure (5 damage)
             ... led by Pikel
             ... on level 3 of the Dungeon.
             The game lasted 00:04:46 (2081 turns).

HoaS the Shooter (Gargoyle Hunter)                  Turns: 2081, Time: 00:04:47

Health: 0/26       AC:  7    Str: 14    XL:     4   Next: 66%
Magic:  4/4        EV: 11    Int: 10    God:
Gold:   206        SH:  0    Dex: 15    Spells: 3/3 levels left

rFire   . . .      SeeInvis +   a - +2 shortbow
rCold   . . .      Faith    .   (shield currently unavailable)
rNeg    + . .      Spirit   .   c - +1 leather armour
rPois   ∞          Reflect  .   (no helmet)
rElec   +          Harm     .   (no cloak)
rCorr   .          Rampage  .   (no gloves)
Will    .....                   (no boots)
Stlth   ++........              (no amulet)
HPRegen 0.08/turn               n - ring of see invisible
MPRegen 0.09/turn               (no ring)

@: about to teleport
A: sickness immunity, AC +3, negative energy resistance 1, electricity
resistance, torment resistance 1, petrification resistance
a: no special abilities


You were on level 3 of the Dungeon.
You visited 1 branch of the dungeon, and saw 4 of its levels.

You collected 248 gold pieces.
You spent 42 gold pieces at shops.

Inventory:

Hand Weapons
 a - a +2 shortbow (weapon)
Armour
 c - a +1 leather armour (worn)
Jewellery
 i - a ring of ice
 n - a ring of see invisible (left hand)
Scrolls
 b - a scroll of immolation
 h - 2 scrolls of teleportation
Potions
 d - a potion of might {unknown}
 e - a potion of haste
 f - a potion of berserk rage {unknown}
 g - a potion of heal wounds {unknown}
 o - a potion of brilliance {unknown}


   Skills:
 - Level 2.1 Fighting
 + Level 5.9 Ranged Weapons
 - Level 1.5 Dodging
 - Level 1.1 Stealth


You had 3 spell levels left.
You didn't know any spells.
Your spell library contained the following spells:

 Spells                   Type           Power      Damage    Failure   Level
 Apportation              Tloc           0%         N/A       43%         1
 Necrotise                Necr           0%         1d4       43%         1
 Summon Small Mammal      Summ           0%         N/A       43%         1
 Gell's Gravitas          Tloc           0%         N/A       82%         3
 Ignite Poison            Fire/Tmut/Pois 0%         N/A       82%         3
 Lesser Beckoning         Tloc           0%         N/A       82%         3
 Mephitic Cloud           Conj/Pois/Air  0%         N/A       82%         3
 Teleport Other           Tloc           0%         N/A       82%         3
 Freezing Cloud           Conj/Ice/Air   0%         6-21      100%        5
 Conjure Ball Lightning   Conj/Air       0%         3x3d6     100%        6
 Discord                  Hex            0%         N/A       100%        8
 Disjunction              Tloc           0%         N/A       100%        8


Dungeon Overview and Level Annotations

Branches:
Dungeon (4/15)
 Temple: D:4-7

Altars:
Cheibriados
Zin

Shops:
D:2 *

Annotations:
D:4 Pikel


Innate Abilities, Weirdness & Mutations

You are immune to sickness and miasma.
Your stone body is resilient. (AC +3)
You are immune to poison.
You resist negative energy. (rN+)
You are resistant to electric shocks. (rElec)
You are resistant to unholy torment.
You are immune to petrification.


Message History

You are too injured to fight recklessly!
You are too injured to fight recklessly!
You are too injured to fight recklessly!
You are too injured to fight recklessly!
You are too injured to fight recklessly!
You are too injured to fight recklessly!
As you read the scroll of teleportation, it crumbles to dust.
You feel strangely unstable. The phantom hits you.
The phantom blinks!
You blink.
Fire: a) +2 shortbow
Press: ? - help, Q - select action Shift-Dir - straight line, f/p - phantom
Aim: a phantom (heavily damaged, 54% to hit)
You shoot an arrow. The arrow closely misses the phantom.
The phantom hits you but does no damage.
Fire: a) +2 shortbow
Press: ? - help, Q - select action Shift-Dir - straight line, f/p - phantom
Aim: a phantom (heavily damaged, 54% to hit)
You shoot an arrow. The arrow barely misses the phantom.
Your surroundings suddenly seem different.
Pikel and 3 lemures come into view.
Pikel is wielding a +1 whip of freezing.
Found three items.
Found an escape hatch in the ceiling.
Fire: a) +2 shortbow
Press: ? - help, Q - select action Shift-Dir - straight line, f - lemure
Aim: a lemure (asleep, 98% to hit)
Okay, then.
Unknown command.
A lemure comes into view.
The lemure shouts! x2
The lemure shouts! x2
There is an escape hatch in the ceiling here.
The lemure hits you.
* * * LOW HITPOINT WARNING * * *
A mysterious force pulls you upwards. The hatch slams shut behind you.
As you read the scroll of teleportation, it crumbles to dust.
You feel strangely unstable. The lemure hits you but does no damage.
The lemure hits you but does no damage.
There is an open door here.
The lemure attacks as you move away! The lemure hits you.
You die...

#................<........#
#.###
#...#####.##.##...........#
#....
........#.................#
#.###
.............##...........# #.#
.......<#.#.#.#.#.#.......# #.#
......###.................###.##
..........#.##+##.#.......##...#
......####..#...#...########.#.#
......# ###.+...@.#.# #...#
......# #...#..5#...##### ###.#
......###.#.##+##.#.....######.#
.....##.......).....#..........#
.#.#.#....#.#.#.#.###...########
.#.........######## #####
.#...#.....### .............#
##...#.#..##.#


You could see a lemure.

Vanquished Creatures
  3 adders
  2 dart slugs
  A worm (D:2)
  An orc (D:3)
  7 bats
  7 endoplasms
  A giant cockroach (D:1)
  6 goblins
  8 hobgoblins
  4 kobolds
  A quokka (D:2)
  8 ball pythons
  4 frilled lizards
  6 rats
59 creatures vanquished.

Notes
Turn   | Place    | Note
-------+----------+-------------------------------------------
     0 | D:1      | HoaS the Gargoyle Hunter began the quest for the Orb.
     0 | D:1      | Reached XP level 1. HP: 12/12 MP: 1/1
   104 | D:1      | Found a faded altar of an unknown god.
   120 | D:1      | Reached XP level 2. HP: 12/17 MP: 2/2
   917 | D:1      | Reached XP level 3. HP: 21/21 MP: 3/3
  1065 | D:2      | Found Nepn's General Store.
  1069 | D:2      | Reached skill level 5 in Ranged Weapons
  1089 | D:2      | Bought a scroll of teleportation for 42 gold pieces
  1226 | D:2      | Found a snail-covered altar of Cheibriados.
  1398 | D:2      | Reached XP level 4. HP: 26/26 MP: 4/4
  1928 | D:3      | Found a glowing silver altar of Zin.
  1928 | D:3      | Noticed an angel
  2063 | D:4      | Noticed a phantom
  2074 | D:4      | Noticed Pikel
  2074 | D:4      | Noticed a lemure
  2074 | D:4      | Noticed a lemure
  2074 | D:4      | Noticed a lemure
  2075 | D:4      | Noticed a lemure
  2081 | D:3      | Slain by a lemure

Illustrated notes

Levels and vault maps discovered:
D:1:      minmay_arrival_widening_spiral_wide, layout_basic,
          ebering_ecumenical_altar_abandoned, amcnicky_mini_pool_small,
          minmay_tromino_i4
D:2:      layout_basic, basic_altar, serial_shops,
          nicolae_shop_competitors_out_of_business
D:3:      layout_loops_cross, zin_angel, hangedman_decor_peaks_small,
          minmay_misc_feat_doors
D:4:      layout_basic, kennysheep_generic_room_15, uniq_pikel

Skill      XL: |  1  2  3 |
---------------+----------+-----
Ranged Weapons | 5 |  5.9
Fighting       | |  2.1
Dodging        | |  1.5
Stealth        | |  1.1

Action                   |  1- 3 |  4- 6 || total
-------------------------+-------+-------++-------
 Fire: Shortbow          |    90 |    43 ||   133
  Use: Scroll            |     9 |     2 ||    11
Armor: Leather armour    |    17 |     6 ||    23
Dodge: Dodged            |    17 |     9 ||    26
